 Dungeon Crawl Stone Soup version 0.22-a0-409-gb855193 (webtiles) character file.

82 Alphaeus the Cudgeler (level 4, -7/37 HPs)
             Began as a Formicid Berserker on May 11, 2018.
             Was a Believer of Trog.
             Mangled by an orc warrior
             ... wielding a cursed +0 morningstar
              (14 damage)
             ... on level 3 of the Dungeon.
             The game lasted 00:02:21 (2525 turns).

Alphaeus the Cudgeler (Formicid Berserker)          Turns: 2525, Time: 00:02:21

Health: -7/37      AC:  8    Str: 22    XL:     4   Next: 70%
Magic:  4/4        EV: 10    Int:  6    God:    Trog [**....]
Gold:   64         SH:  0    Dex: 11    Spells: 3/3 levels left

rFire    . . .     SeeInvis +   a - +0 mace
rCold    . . .     Gourm    +   (no shield)
rNeg     . . .     Faith    .   h - +0 scale mail
rPois    .         Spirit   .   (helmet unavailable)
rElec    .         Reflect  .   (no cloak)
rCorr    .         Harm     .   i - +0 pair of gloves
MR       .....                  (no boots)
Stlth    ..........             j - amulet of the gourmand
HPRegen  0.12/turn              (no ring)
MPRegen  0.09/turn              (no ring)

@: flying
A: permanent stasis, dig shafts and tunnels, four strong arms, antennae 3
a: Dig, Shaft Self, Trog's Hand, Renounce Religion


You were on level 3 of the Dungeon.
You worshipped Trog.
Trog was pleased with you.
You were not hungry.

You visited 1 branch of the dungeon, and saw 3 of its levels.

You collected 64 gold pieces.

Inventory:

Hand Weapons
 a - a +0 mace (weapon)
Armour
 b - a +0 animal skin
 h - a +0 scale mail (worn)
 i - a +0 pair of gloves (worn)
Jewellery
 j - an amulet of the gourmand (around neck)
Scrolls
 d - 4 scrolls of identify
 g - a scroll of enchant armour {unknown}
Potions
 f - a potion of flight
Comestibles
 c - 3 rations


   Skills:
 + Level 3.7 Fighting
 * Level 3.8 Maces & Flails
 * Level 3.3 Armour
 + Level 2.3 Dodging


You had 3 spell levels left.
You didn't know any spells.

Dungeon Overview and Level Annotations

Branches:
Dungeon (3/15)

Altars:


Innate Abilities, Weirdness & Mutations

You cannot be hasted, slowed, berserked, paralysed or teleported.
You can dig through walls and to a lower floor.
Your four strong arms can wield two-handed weapons with a shield.
You have a pair of large antennae on your head. (SInv)


Message History

The orc hits you but does no damage.
The orc warrior throws a tomahawk.
The tomahawk hits you but does no damage.
You feel better. The orc closely misses you.
The orc warrior throws a tomahawk.
The tomahawk misses you.
It was a potion of flight.
You feel very buoyant.
You fly up into the air.
The orc barely misses you.
You feel better. The orc closely misses you.
An orc comes into view.
You barely miss the orc.
The orc is severely wounded.
The orc shouts!
The orc warrior hits you with a morningstar!
* * * LOW HITPOINT WARNING * * *
The orc hits you but does no damage.
The orc moves out of view.
You closely miss the orc.
The orc is heavily wounded.
The orc barely misses you.
The orc warrior hits you with a morningstar!
You die...

#...... .......
#..#...... ..........#
.........
..........####..........
........................
..............#.......#
....<..... #........# .
.........####........##..
#....{#)o@oo#).........
#..()).#####.#......##
.......####....<........#
....... #...#...........#
....... .. #..>.........
....... #.......##...
....... ............ ..
....... ...............
....... ###.............


You could see an orc warrior and 2 orcs.

Vanquished Creatures
  An orc wizard (D:3)
  2 adders (D:2)
  A leopard gecko (D:1)
  6 orcs (D:3)
  5 bats
  3 giant cockroaches
  A goblin (D:1)
  A hobgoblin (D:1)
  4 kobolds (D:1)
  A quokka (D:2)
  A ball python (D:2)
  3 frilled lizards
  3 rats (D:1)
32 creatures vanquished.

Notes
Turn   | Place    | Note
-------+----------+-------------------------------------------
     0 | D:1      | Alphaeus the Formicid Berserker began the quest for the Orb.
     0 | D:1      | Reached XP level 1. HP: 18/18 MP: 1/1
   346 | D:1      | Reached XP level 2. HP: 18/24 MP: 2/2
  1175 | D:2      | Reached XP level 3. HP: 19/29 MP: 3/3
  1269 | D:2      | Reached ** piety under Trog
  2366 | D:3      | Reached XP level 4. HP: 25/37 MP: 4/4
  2515 | D:3      | Noticed an orc warrior
  2525 | D:3      | Mangled by an orc warrior

Vault maps used:
D:1:      scummos_arrival_checkerplants, minmay_misc_feat_room,
          nrook_loot_triangle
D:3:      gup_sewer_entry_pipe, nicolae_gozag_seed_capital

Skill      XL: |  1  2  3 |
---------------+----------+-----
Dodging        | 2 |  2.3
Armour         | 3 |  3.3
Fighting       | |  3.7
Maces & Flails | |  3.8

Action                   |  1- 3 |  4- 6 || total
-------------------------+-------+-------++-------
Melee: Mace              |   102 |    32 ||   134
  Use: Scroll            |    11 |       ||    11
       Potion            |     1 |     3 ||     4
  Eat: Chunk             |    11 |       ||    11
Armor: Animal skin       |    12 |       ||    12
       Scale mail        |    16 |    40 ||    56
Dodge: Dodged            |    92 |    43 ||   135

Table legend:
 A = Spawn XP
 B = Non-spawn XP
 C = Spawn XP percentage of total XP
 D = Spawn monster count
 E = Non-spawn monster count
 F = Spawn count percentage of total count
 G = Total turns spent on level
                    A         B        C        D         E        F      G
               +---------+---------+-------+---------+---------+-------+---------
         Total |       0 |     118 |   0.0 |       0 |      32 |   0.0 |  2525
               +---------+---------+-------+---------+---------+-------+---------
           D:1 |       0 |      21 |   0.0 |       0 |      12 |   0.0 |  1109
           D:2 |       0 |      37 |   0.0 |       0 |       9 |   0.0 |  1199
           D:3 |       0 |      60 |   0.0 |       0 |      11 |   0.0 |   217
               +---------+---------+-------+---------+---------+-------+---------
